 Dungeon Crawl Stone Soup version 0.21.1-1-g345015fe64 (webtiles) character file.

11636 Ingvold the Grappler (level 11, 0/100 (101) HPs)
             Began as a Troll Monk on May 29, 2018.
             Was the Champion of Wu Jian.
             Slain by an orc warrior
             ... wielding a +0 glaive
              (17 damage)
             ... in a bailey.
             The game lasted 00:40:16 (8524 turns).

Ingvold the Grappler (Troll Monk)                   Turns: 8524, Time: 00:40:19

HP:   0/100 (101)   AC:  7    Str: 24    XL:     11   Next: 51%
MP:   10/10         EV: 14    Int: 10    God:    Wu Jian [******]
Gold: 756           SH:  0    Dex: 14    Spells: 10/10 levels left

rFire    . . .     SeeInvis .     - Unarmed
rCold    . . .     Gourm    +   (no shield)
rNeg     . . .     Faith    +   C - +1 animal skin
rPois    .         Spirit   .   (helmet restricted)
rElec    .         Reflect  .   w - +0 cloak
rCorr    .         Harm     .   (gloves unavailable)
MR       .....                  (boots unavailable)
Stlth    +++.......             t - amulet of faith
HPRegen  0.66/turn              h - +4 ring of intelligence
MPRegen  0.12/turn              s - +2 ring of dexterity

@: no status effects
A: large, unfitting armour, claws 3, fast metabolism 3, gourmand, regeneration
1, shaggy fur 1, tough skin 2
a: Wall Jump, Serpent's Lash, Heavenly Storm, Renounce Religion


You were in a bailey.
You worshipped Wu Jian.
Wu Jian was exalted by your worship.
You were completely stuffed.

You visited 2 branches of the dungeon, and saw 11 of its levels.
You also visited: Ossuary and Bailey.

You collected 756 gold pieces.

Inventory:

Hand Weapons
 x - the +5 trident of Execution {freeze, *Noise rC+ Str+4, unknown}
   (You found it on level 10 of the Dungeon)

   It has been specially enchanted to freeze those struck by it, causing extra
   injury to most foes and up to half again as much damage against particularly
   susceptible opponents.
   It can also slow down cold-blooded creatures.
   It affects your strength (+4).
   It protects you from cold.
   It may make noises in combat.
 D - a +1 scimitar of flaming
Armour
 a - a +1 robe
 w - a +0 cloak (worn)
 C - a +1 animal skin (worn)
Jewellery
 h - a +4 ring of intelligence (left claw)
 s - a +2 ring of dexterity (right claw)
 t - an amulet of faith (around neck)
 F - an uncursed amulet of magic regeneration
Wands
 k - a wand of flame (56)
 u - a wand of disintegration (29)
 y - a wand of digging (20)
 I - a wand of paralysis (16)
Scrolls
 c - 2 scrolls of enchant armour
 d - 4 scrolls of teleportation
 e - 2 scrolls of magic mapping
 f - 5 scrolls of identify
 l - 3 scrolls of remove curse
 m - 5 scrolls of fog
 n - 4 scrolls of fear
 p - a scroll of enchant weapon
 r - a scroll of blinking
 v - a scroll of torment {unknown}
 B - a scroll of summoning {unknown}
 E - a scroll of silence {unknown}
 G - a scroll of vulnerability {unknown}
 J - a scroll of noise {unknown}
Potions
 g - a potion of cancellation
 i - 3 potions of lignification
 j - 5 potions of curing
 o - 2 potions of invisibility
 q - 2 potions of mutation
 z - a potion of heal wounds
 A - 2 potions of haste {unknown}
 K - 3 potions of might {unknown}
 L - a potion of experience {unknown}
Comestibles
 b - 13 rations
 H - a chunk of flesh


   Skills:
 + Level 4.9 Fighting
 + Level 7.1 Dodging
 + Level 4.0 Stealth
 + Level 14.2 Unarmed Combat


You had 10 spell levels left.
You didn't know any spells.

Dungeon Overview and Level Annotations

Branches:
Dungeon (10/15)            Temple (1/1) D:4             Orc (0/2) D:10
   Lair: D:8-11

Altars:
Ashenzari
Cheibriados
Elyvilon
Gozag
Hepliaklqana
Makhleb
Nemelex Xobeh
Okawaru
Ru
Sif Muna
Trog
Uskayaw
Vehumet
Wu Jian
Xom
Yredelemnul
Zin
The Shining One

Shops:
D:8 %   D:9 :   D:10 [


Innate Abilities, Weirdness & Mutations

You are too large for most types of armour.
You have claws for hands.
Your metabolism is lightning-fast.
You like to eat raw meat.
Your natural rate of healing is unusually fast.
You are covered in fur. (AC +1)
You have very tough skin. (AC +2)


Message History

The orc warrior misses you. The orc warrior closely misses you.
You spin and attack the orc warrior.
You scratch the orc warrior but do no damage.
The orc warrior is heavily wounded.
The orc warrior completely misses you.
The orc warrior hits you with a halberd!
* * * LOW HITPOINT WARNING * * *
The orc warrior hits you from afar with a halberd!
* * * LOW HITPOINT WARNING * * *
You see here a hand axe.
Things that are here:
a trident; a chain mail; an orc skeleton
There is an open door here.
You lunge at the orc warrior, in a flurry of attacks.
You closely miss the orc warrior.
The orc warrior is heavily wounded.
You scratch the orc warrior.
The orc warrior is severely wounded.
The orc warrior hits you from afar with a glaive!
You die...

############ ####### #
#.∩...)....## ##.....#########
......).....######.......#.....#.
.....)).....#....#ooo....'.....'.
∩....)).....'...@oooo....'.....'.
............#....#.o))...'.....'.
............######...))..#.....#.
#.∩........## ##.....#########
############ ####### #


You could see 4 orc warriors and 4 orcs.

Vanquished Creatures
  Erica (D:8)
  3 two-headed ogres
  An unseen horror (D:6)
  A gargoyle (D:10)
  Joseph (D:7)
  A kobold demonologist (D:8)
  Prince Ribbit (D:6)
  2 hippogriffs (D:7)
  4 hungry ghosts
  Grum (D:8)
  2 water moccasins
  7 orc warriors
  A sky beast (D:9)
  2 ice beasts (D:6)
  3 black bears
  3 ogres
  3 necrophages
  4 wolves (D:7)
  3 centaurs
  10 big kobolds
  Blork the orc (D:4)
  6 bullfrogs
  A gnoll sergeant (D:9)
  A water moccasin zombie (D:8)
  5 scorpions
  7 howler monkeys
  5 crimson imps
  A bullfrog zombie (D:6)
  4 jellies
  4 hounds
  Crazy Yiuf (D:7)
  12 orc wizards
  4 orc priests
  2 centaur skeletons (D:10)
  A bullfrog skeleton (D:6)
  2 iguanas (D:7)
  13 worker ants
  A killer bee zombie (D:7)
  5 big kobold zombies (Ossuary)
  2 hound skeletons
  A mummy (Ossuary)
  Robin (D:2)
  3 gnolls (D:9)
  12 adders
  A shadow imp (D:6)
  An adder zombie (D:5)
  2 adder skeletons
  8 worms
  7 leopard geckos
  70 orcs
  4 spectral bats (Ossuary)
  3 ball pythons
  2 bat simulacra (Ossuary)
  8 giant cockroaches
  8 gnoll zombies
  15 goblins
  6 hobgoblins
  7 jackals
  24 kobolds
  7 quokkas
  13 bats
  4 frilled lizards
  6 goblin simulacra (Ossuary)
  3 goblin zombies (Ossuary)
  4 hobgoblin zombies (Ossuary)
  A jackal skeleton (D:5)
  4 kobold simulacra (Ossuary)
  5 kobold zombies (Ossuary)
  A leopard gecko skeleton (D:4)
  6 orc zombies (Ossuary)
  A quokka skeleton (D:9)
  7 rats
  3 rat simulacra (Ossuary)
  4 spectral goblins (Ossuary)
  3 spectral kobolds (Ossuary)
  3 spectral rats (Ossuary)
  A fungus (D:5)
391 creatures vanquished.

Vanquished Creatures (others)
  A rat simulacrum (Ossuary)
1 creature vanquished.

Grand Total: 392 creatures vanquished

Notes
Turn   | Place    | Note
-------+----------+-------------------------------------------
     0 | D:1      | Ingvold the Troll Monk began the quest for the Orb.
     0 | D:1      | Reached XP level 1. HP: 22/22 MP: 0/0
   162 | D:1      | Reached XP level 2. HP: 29/29 MP: 1/1
   188 | D:1      | Found a shadowy altar of Dithmenos.
   190 | D:1      | Found a shimmering altar of Xom.
   190 | D:1      | Found a sparkling altar of Nemelex Xobeh.
   201 | D:1      | Found an iron altar of Okawaru.
   201 | D:1      | Found a glowing golden altar of the Shining One.
   201 | D:1      | Found an ancient bone altar of Kikubaaqudgha.
   490 | D:2      | Reached XP level 3. HP: 35/36 MP: 2/2
  1258 | D:3      | Reached XP level 4. HP: 44/44 MP: 3/3
  1328 | D:3      | Noticed Robin
  1366 | D:2      | Reached skill level 4 in Unarmed Combat
  1826 | D:3      | Reached XP level 5. HP: 45/52 MP: 4/4
  1973 | D:2      | Killed Robin
  2057 | D:4      | Found a staircase to the Ecumenical Temple.
  2063 | Temple   | Entered the Ecumenical Temple
  2075 | Temple   | Became a worshipper of the Wu Jian Council
  2075 | Temple   | Reached * piety under Wu Jian
  2075 | Temple   | Reached ** piety under Wu Jian
  2203 | D:4      | Reached skill level 5 in Unarmed Combat
  2409 | D:4      | Noticed Blork the orc
  2415 | D:4      | Reached XP level 6. HP: 60/61 MP: 5/5
  2418 | D:4      | Killed Blork the orc
  2715 | D:4      | Found a sand-covered staircase.
  2724 | Ossuary  | Entered an ossuary
  2795 | Ossuary  | Reached *** piety under Wu Jian
  2924 | Ossuary  | Reached skill level 6 in Unarmed Combat
  3059 | Ossuary  | Reached **** piety under Wu Jian
  3178 | D:5      | Entered Level 5 of the Dungeon
  3340 | D:5      | Reached XP level 7. HP: 65/67 MP: 6/6
  3728 | D:5      | Reached skill level 7 in Unarmed Combat
  4060 | D:6      | Noticed a hungry ghost
  4076 | D:6      | Killed a hungry ghost
  4115 | D:6      | Reached XP level 8. HP: 75/75 MP: 7/7
  4249 | D:6      | Noticed Prince Ribbit
  4287 | D:6      | Reached skill level 8 in Unarmed Combat
  4445 | D:6      | Reached skill level 9 in Unarmed Combat
  4568 | D:6      | Killed Prince Ribbit
  4593 | D:6      | Reached XP level 9. HP: 72/83 MP: 8/8
  4653 | D:6      | Killed an unseen horror
  4653 | D:6      | Reached skill level 10 in Unarmed Combat
  5017 | D:7      | Reached skill level 5 in Dodging
  5024 | D:7      | Reached ***** piety under Wu Jian
  5200 | D:7      | Reached skill level 11 in Unarmed Combat
  5222 | D:7      | Found a runed door.
  5344 | D:7      | Noticed Crazy Yiuf
  5348 | D:7      | Killed Crazy Yiuf
  5548 | D:7      | Noticed Joseph
  5566 | D:7      | Killed Joseph
  5566 | D:7      | Reached XP level 10. HP: 31/92 MP: 9/9
  5804 | D:8      | Noticed Grum
  5931 | D:8      | Killed Grum
  5941 | D:8      | Noticed a two-headed ogre
  6142 | D:8      | Noticed Erica
  6150 | D:8      | Reached skill level 12 in Unarmed Combat
  6191 | D:8      | Killed Erica
  6218 | D:8      | Found Riucs's Food Emporium.
  6415 | D:8      | Killed a two-headed ogre
  6547 | D:8      | Noticed a two-headed ogre
  6565 | D:8      | Killed a two-headed ogre
  6565 | D:8      | Reached skill level 13 in Unarmed Combat
  6731 | D:8      | Reached XP level 11. HP: 99/101 MP: 10/10
  7033 | D:9      | Found Ythric's Book Emporium.
  7091 | D:9      | Found a glowing golden altar of the Shining One.
  7157 | D:9      | Reached ****** piety under Wu Jian
  7690 | D:10     | Entered Level 10 of the Dungeon
  7708 | D:10     | Noticed a two-headed ogre
  7712 | D:10     | Killed a two-headed ogre
  7730 | D:10     | Got a smoking trident
  7953 | D:10     | Found Uzaolisk's Armour Shop.
  7955 | D:10     | Found a staircase to the Orcish Mines.
  7960 | D:10     | Reached skill level 14 in Unarmed Combat
  8251 | D:10     | Found a flagged portal.
  8323 | Bailey   | Entered a bailey
  8524 | Bailey   | Slain by an orc warrior

Skill      XL: |  1  2  3  4  5  6  7  8  9 10 11 |
---------------+----------------------------------+-----
Dodging        | 3 4 5 6 7 |  7.1
Unarmed Combat | 4 5 6 7 9 11 13 14 | 14.2
Fighting       | 3 4 |  4.9
Stealth        | 2 3 4 |  4.0

Action                   |  1- 3 |  4- 6 |  7- 9 | 10-12 || total
-------------------------+-------+-------+-------+-------++-------
Melee: Unarmed           |   110 |   321 |   259 |   370 ||  1060
       Punch             |       |     4 |    13 |    22 ||    39
Invok: Lunge             |       |    12 |    36 |    55 ||   103
       Whirlwind         |       |     7 |    78 |    86 ||   171
       Wall Jump         |       |    12 |    13 |    16 ||    41
  Use: Scroll            |       |    11 |     7 |     3 ||    21
       Potion            |       |       |     1 |       ||     1
 Stab: Sleeping          |     2 |    11 |     5 |     7 ||    25
  Eat: Chunk             |    17 |    14 |    36 |    27 ||    94
Armor: Robe              |    51 |    74 |    60 |    23 ||   208
       Animal skin       |       |       |       |    51 ||    51
Dodge: Dodged            |    61 |   142 |    80 |   218 ||   501
